 Dungeon Crawl Stone Soup version 0.21.1-1-g345015f (webtiles) character file.

3202 Fang the Cleaver (level 9, -1/58 HPs)
             Began as a Gargoyle Berserker on May 18, 2018.
             Was a High Priest of Trog.
             Slain by a two-headed ogre
             ... wielding a +0 giant spiked club
              (15 damage)
             ... on level 8 of the Dungeon.
             The game lasted 00:11:54 (6295 turns).

Fang the Cleaver (Gargoyle Berserker)               Turns: 6295, Time: 00:11:54

Health: -1/58      AC: 26    Str: 24    XL:     9   Next: 96%
Magic:  8/8        EV:  9    Int: 18    God:    Trog [*****.]
Gold:   368        SH:  0    Dex:  9    Spells: 8/8 levels left

rFire    + . .     SeeInvis +   a - +4 hand axe
rCold    + + +     Gourm    .   (no shield)
rNeg     + . .     Faith    +   h - +4 chain mail of the Desolation of Salt {*Drain rC+++ Regen+ Int+5}
rPois    ∞         Spirit   .   (no helmet)
rElec    +         Reflect  .   j - scarf {rC+ rF+}
rCorr    .         Harm     .   t - +2 pair of gloves
MR       +....                  (no boots)
Stlth    ..........             f - amulet of faith
HPRegen  0.59/turn              n - ring of see invisible
MPRegen  0.11/turn              q - ring of protection from magic

@: brilliant, berserk cooldown, very slightly contaminated, invisible
A: icy blue scales 1, low mp 1, negative energy resistance 1, sense surroundings
1, screaming 1, electricity resistance, unbreathing, petrification resistance,
rot immunity, AC +6
a: Berserk, Trog's Hand, Brothers in Arms, Burn Spellbooks, Renounce Religion


You were on level 8 of the Dungeon.
You worshipped Trog.
Trog was extremely pleased with you.
You were near starving.

You visited 1 branch of the dungeon, and saw 8 of its levels.
You also visited: Sewer.

You collected 368 gold pieces.

Inventory:

Hand Weapons
 a - a +4 hand axe (weapon)
Missiles
 p - 2 silver tomahawks (quivered)
 v - 5 javelins
Armour
 h - the +4 chain mail of the Desolation of Salt (worn) {*Drain rC+++ Regen+ Int+5}
   (You found it on level 4 of the Dungeon)

   It affects your intelligence (+5).
   It renders you almost immune to cold.
   It increases your rate of regeneration.
   It causes draining when unequipped.
 j - a scarf of resistance (worn)
 t - a +2 pair of gloves (worn)
Jewellery
 f - an amulet of faith (around neck)
 n - a ring of see invisible (left hand)
 q - a ring of protection from magic (right hand)
Wands
 s - a wand of scattershot (6)
 u - a wand of acid (6)
 z - a wand of iceblast (7)
Scrolls
 m - 3 scrolls of enchant armour
 w - 4 scrolls of remove curse
Potions
 e - 3 potions of curing
 g - a potion of mutation
 i - 5 potions of lignification
 l - 3 potions of flight {unknown}
 r - a potion of haste {unknown}
 x - 3 potions of might {unknown}
Comestibles
 c - 9 rations


   Skills:
 + Level 7.6 Fighting
 + Level 9.3 Axes
 + Level 7.0 Armour
 + Level 3.5 Dodging
 + Level 1.2 Stealth


You had 8 spell levels left.
You didn't know any spells.

Dungeon Overview and Level Annotations

Branches:
Dungeon (8/15)             Temple (0/1) D:4            Lair (0/6) D:8

Altars:
Elyvilon
Fedhas
Hepliaklqana
Kikubaaqudgha
Makhleb
Nemelex Xobeh
Okawaru
Ru
Xom

Annotations:
D:8 Homage's ghost, novice GrCj


Innate Abilities, Weirdness & Mutations

You are resistant to torment.
Your stone body is resilient. (AC +6)
You are immune to poison.
You resist negative energy. (rN+)
You are resistant to electric shocks. (rElec)
You can survive without breathing.
You are immune to petrification.
You are immune to rotting.
You are partially covered in icy blue scales. (AC +2)
Your magical capacity is low. (-10% MP)
You passively map a small area around you.
You occasionally shout uncontrollably at your foes.


Message History

It was a potion of cancellation.
Your magical effects are unravelling.
You feel magically purged.
You feel yourself speed up. The two-headed ogre barely misses you.
The two-headed ogre hits you but does no damage.
It was a potion of berserk rage.
You're still recovering from your berserk rage.
The two-headed ogre hits you with a giant spiked club!
* * * LOW HITPOINT WARNING * * *
The two-headed ogre misses you.
You fade into invisibility!
You are very lightly contaminated with residual magic.
It was a potion of brilliance.
You feel clever all of a sudden.
The two-headed ogre completely misses you.
The two-headed ogre hits you but does no damage.
It was a potion of curing.
You feel better.
The two-headed ogre hits you with a giant spiked club!
You die...

#.........# , # #..
#...##...# ,.# ##.
#...##...##..######
#................<.
##..##...##........
#........##.#####.
#W####.#.# # #. #O#
#.#.# #.
#@####.#.##.# #.
#.......†...# ###.
########.#........#.
#........########.#.
#.######## #.#. #.#
#.#. #.# #.#. #.#
#.#. #.##########
#...


You could see a two-headed ogre and Homage's ghost.

Vanquished Creatures
  The ghost of MayorMcCheese the Skirmisher, a novice OgBe of Trog (D:5)
  Sigmund (D:4)
  A wyvern (D:8)
  A steam dragon (D:7)
  Duvessa (D:4)
  An ice beast (D:5)
  A sky beast (D:7)
  2 orc warriors (D:7)
  4 ogres
  A centaur (D:5)
  A big kobold (Sewer)
  A bullfrog (D:7)
  Dowan (D:4)
  4 wights (D:6)
  4 crimson imps
  A bullfrog zombie (D:5)
  A centaur zombie (D:7)
  7 hounds
  A jelly (D:7)
  3 orc wizards (D:7)
  3 iguanas
  6 worker ants
  A worker ant zombie (D:5)
  9 adders
  3 river rats (Sewer)
  2 shadow imps
  An adder zombie (D:6)
  4 worms
  A dart slug (D:2)
  4 leopard geckos
  6 orcs (D:7)
  7 bats
  4 giant cockroaches
  4 hobgoblins (D:1)
  15 jackals
  4 kobolds
  2 quokkas
  2 ball pythons
  3 frilled lizards
  8 goblins
  A jackal skeleton (D:4)
  8 rats
136 creatures vanquished.

Notes
Turn   | Place    | Note
-------+----------+-------------------------------------------
     0 | D:1      | Fang the Gargoyle Berserker began the quest for the Orb.
     0 | D:1      | Reached XP level 1. HP: 14/14 MP: 1/1
   138 | D:1      | Reached skill level 3 in Axes
   138 | D:1      | Reached XP level 2. HP: 14/19 MP: 2/2
   747 | D:1      | Reached XP level 3. HP: 16/23 MP: 3/3
  1061 | D:2      | Reached ** piety under Trog
  1832 | D:3      | Reached XP level 4. HP: 25/29 MP: 4/4
  2022 | D:3      | Found a hazy altar of Hepliaklqana.
  2023 | D:3      | Found a sparkling altar of Nemelex Xobeh.
  2023 | D:3      | Found an iron altar of Okawaru.
  2023 | D:3      | Found an ancient bone altar of Kikubaaqudgha.
  2288 | D:4      | Noticed Sigmund
  2595 | D:4      | Killed Sigmund
  2595 | D:4      | Reached skill level 4 in Axes
  2595 | D:4      | Reached XP level 5. HP: 34/34 MP: 5/5
  2595 | D:4      | Reached XP level 6. HP: 39/39 MP: 6/6
  3030 | D:4      | Reached *** piety under Trog
  3141 | D:4      | Got a distressingly furry chain mail
  3152 | D:4      | Identified the +4 chain mail of the Desolation of Salt {*Drain rC+++ Regen+ Int+5} (You found it on level 4 of the Dungeon)
  3173 | D:4      | Found a staircase to the Ecumenical Temple.
  3179 | D:4      | Noticed Dowan
  3182 | D:4      | Noticed Duvessa
  3194 | D:4      | Killed Dowan
  3194 | D:4      | Reached skill level 1 in Stealth
  3206 | D:4      | Killed Duvessa
  3206 | D:4      | Reached skill level 5 in Fighting
  3206 | D:4      | Reached skill level 5 in Axes
  3206 | D:4      | Reached XP level 7. HP: 33/44 MP: 7/7
  3370 | D:5      | Entered Level 5 of the Dungeon
  3459 | D:5      | Found a burning altar of Makhleb.
  3727 | D:5      | Reached skill level 6 in Axes
  3877 | D:5      | Reached XP level 8. HP: 14/50 MP: 8/8
  4125 | D:5      | Found a hazy altar of Hepliaklqana.
  4126 | D:5      | Noticed MayorMcCheese's ghost (novice OgBe)
  4127 | D:5      | Found a shimmering altar of Xom.
  4127 | D:5      | Found a sacrificial altar of Ru.
  4150 | D:5      | Killed MayorMcCheese's ghost
  4150 | D:5      | Reached skill level 7 in Axes
  4150 | D:5      | Reached skill level 5 in Armour
  4151 | D:5      | Found a shimmering altar of Xom.
  4151 | D:5      | Found an ornate altar of the Wu Jian Council.
  4151 | D:5      | Found a white marble altar of Elyvilon.
  4465 | D:6      | Found a blossoming altar of Fedhas.
  4541 | D:6      | Reached XP level 9. HP: 51/56 MP: 9/9
  4594 | D:6      | Reached **** piety under Trog
  4779 | D:6      | Found a glowing drain.
  4822 | Sewer    | Entered a sewer
  4927 | Sewer    | Found a glowing silver altar of Zin.
  5082 | D:6      | Found a blossoming altar of Fedhas.
  5277 | D:7      | Reached skill level 8 in Axes
  5692 | D:7      | Reached ***** piety under Trog
  5776 | D:7      | Reached skill level 9 in Axes
  6251 | D:8      | Found a staircase to the Lair.
  6259 | D:8      | Noticed Homage's ghost (novice GrCj)
  6271 | D:8      | Noticed a two-headed ogre
  6290 | D:8      | Gained mutation: Your magical capacity is low. (-10% MP) [potion of mutation]
  6290 | D:8      | Gained mutation: You occasionally shout uncontrollably at your foes. [potion of mutation]
  6290 | D:8      | Gained mutation: You are partially covered in icy blue scales. (AC +2) [potion of mutation]
  6290 | D:8      | Gained mutation: You passively map a small area around you. [potion of mutation]
  6295 | D:8      | Slain by a two-headed ogre

Skill      XL: |  1  2  3  4  5  6  7  8  9 |
---------------+----------------------------+-----
Axes           | 3 4 5 6 7 9 |  9.3
Fighting       | 4 5 6 7 |  7.6
Armour         | 3 4 6 7 |  7.0
Dodging        | 2 3 |  3.5
Stealth        | 1 |  1.2

Action                   |  1- 3 |  4- 6 |  7- 9 || total
-------------------------+-------+-------+-------++-------
Melee: Hand axe          |   125 |    95 |   526 ||   746
Invok: Berserk           |     1 |     2 |     6 ||     9
       Burn Spellbooks   |     1 |       |     1 ||     2
  Use: Scroll            |       |     8 |     6 ||    14
       Potion            |       |       |     6 ||     6
 Stab: Sleeping          |     1 |       |       ||     1
  Eat: Chunk             |     3 |     4 |     4 ||    11
       Ration            |       |     1 |     3 ||     4
Armor: Animal skin       |    48 |     3 |       ||    51
       Chain mail        |     3 |    80 |   304 ||   387
Dodge: Dodged            |    89 |    51 |   261 ||   401
